PAAA
MILTON DOGFISH HEAD @ CALGARY LYNX
05/31/2025
 
TOP OF THE 1ST
Milton Dogfish Head batting - Pitching for Calgary Lynx : LHP Felipe Machado
Pitching: LHP Felipe Machado
Batting: RHB David Sánchez 0-0: Ball
1-0: Called Strike
1-1: Ball
2-1: Ball
3-1: Swinging Strike
3-2: Strikes out looking
Batting: RHB Baldomero Avino 0-0: Ball
1-0: Called Strike
1-1: Foul Ball, location: 2F
1-2: Ball
2-2: Ball
3-2: Foul Ball, location: 2F
3-2: Foul Ball, location: 2F
3-2: Foul Ball, location: 2F
3-2: Fly out, F9 (Flyball, 89D)
Batting: LHB Floyd Long 0-0: Foul Ball, location: 2F
0-1: Ground out 4-3 (Groundball, 34)
Top of the 1st over - 0 run(s), 0 hit(s), 0 error(s), 0 left on base; Milton 0 - Calgary 0
BOTTOM OF THE 1ST
Calgary Lynx batting - Pitching for Milton Dogfish Head : LHP Santiago Mesa
Pitching: LHP Santiago Mesa
Batting: RHB Darren Tomlinson 0-0: Ball
1-0: Foul Ball, location: 2F
1-1: SINGLE (Groundball, 6MD)
Batting: SHB Eric O'Neill 0-0: Called Strike
0-1: Ball
1-1: Single, Error in OF, E7, batter to second base
Darren Tomlinson to third
Batting: LHB Thomas Campbell 0-0: Foul Ball, location: 2F
0-1: Ball
1-1: Ball
2-1: Swinging Strike
2-2: Ball
3-2: Fly out, F8 (Line Drive, 8RXD)
Runner from 3rd tags up, SCORES, no throw
Eric O'Neill to third
Batting: RHB Álex Estrada 0-0: Ball
1-0: Ground out 6-3 (Groundball, 6)
Eric O'Neill scores
Batting: RHB José Carlos Ramos 0-0: Ball
1-0: Foul Ball, location: 2F
1-1: Ball
2-1: Swinging Strike
2-2: Ball
3-2: Fly out, F8 (Flyball, 8LM)
Bottom of the 1st over - 2 run(s), 2 hit(s), 1 error(s), 0 left on base; Milton 0 - Calgary 2
TOP OF THE 2ND
Milton Dogfish Head batting - Pitching for Calgary Lynx : LHP Felipe Machado
Batting: RHB Fernando Silva 0-0: Ball
1-0: Ball
2-0: Ball
3-0: Base on Balls
Batting: RHB Luis Alomar 0-0: Called Strike
0-1: Ball
1-1: Ball
2-1: Swinging Strike
2-2: Ball
3-2: Fly out, F8 (Flyball, 8LS)
Batting: RHB Vern Ewing 0-0: Ball
1-0: Ball
2-0: Called Strike
2-1: Grounds into double play, 6-4-3 (Groundball, 6)
Top of the 2nd over - 0 run(s), 0 hit(s), 0 error(s), 0 left on base; Milton 0 - Calgary 2
BOTTOM OF THE 2ND
Calgary Lynx batting - Pitching for Milton Dogfish Head : LHP Santiago Mesa
Batting: LHB Emílio Barbán 0-0: Ball
1-0: Ground out 4-3 (Groundball, 34D)
Batting: RHB Elvis Larson 0-0: Ball
1-0: Ball
2-0: Called Strike
2-1: Foul Ball, location: 2F
2-2: Hit by Pitch
Batting: LHB Miguel Zúñiga 0-0: Ball
1-0: Ball
2-0: Swinging Strike
2-1: Foul Ball, location: 2F
2-2: Ball
3-2: SINGLE (Groundball, 56D)
Elvis Larson to second
Batting: LHB Dave Hebert 0-0: Ball
1-0: Ball
2-0: Called Strike
2-1: Foul Ball, location: 2F
2-2: Ball
3-2: Grounds into double play, 4-6-3 (Groundball, 4)
Bottom of the 2nd over - 0 run(s), 1 hit(s), 0 error(s), 1 left on base; Milton 0 - Calgary 2
TOP OF THE 3RD
Milton Dogfish Head batting - Pitching for Calgary Lynx : LHP Felipe Machado
Batting: RHB José Correa 0-0: SOLO HOME RUN (Flyball, 8LXD), Distance : 432 ft
Batting: LHB Víctor Robledo 0-0: Ball
1-0: Fly out, F4 (Popup, 34D)
Batting: RHB Marcos Calderón 0-0: Ball
1-0: Called Strike
1-1: Foul Ball, location: 2F
1-2: Strikes out looking
Batting: RHB David Sánchez 0-0: Foul Ball, location: 2F
0-1: Swinging Strike
0-2: Ball
1-2: SINGLE (Line Drive, 7LS)
Batting: RHB Baldomero Avino 0-0: Ball
1-0: Called Strike
1-1: Ball
2-1: Called Strike
2-2: SINGLE (Line Drive, 7S)
David Sánchez to second
Batting: LHB Floyd Long 0-0: Foul Ball, location: 2F
0-1: Ball
1-1: Swinging Strike
1-2: Strikes out swinging
Top of the 3rd over - 1 run(s), 3 hit(s), 0 error(s), 2 left on base; Milton 1 - Calgary 2
BOTTOM OF THE 3RD
Calgary Lynx batting - Pitching for Milton Dogfish Head : LHP Santiago Mesa
Batting: RHB Darren Tomlinson 0-0: Called Strike
0-1: Foul Ball, location: 2F
0-2: Foul Ball, location: 2F
0-2: SINGLE (Groundball, 4M) (infield hit)
Batting: SHB Eric O'Neill 0-0: Ball
1-0: Ball
2-0: Fly out, F8 (Flyball, 8LS)
Batting: LHB Thomas Campbell 0-0: Fly out, F9 (Flyball, 89M)
Batting: RHB Álex Estrada 0-0: Ball
1-0: Called Strike
1-1: Ball
2-1: Ball
3-1: Base on Balls
Darren Tomlinson to second
Batting: RHB José Carlos Ramos 0-0: Ball
1-0: Fielders Choice at 2nd, 6-4 (Groundball, 6)
Bottom of the 3rd over - 0 run(s), 1 hit(s), 0 error(s), 1 left on base; Milton 1 - Calgary 2
TOP OF THE 4TH
Milton Dogfish Head batting - Pitching for Calgary Lynx : LHP Felipe Machado
Batting: RHB Fernando Silva 0-0: Called Strike
0-1: Ground out 6-3 (Groundball, 6)
Batting: RHB Luis Alomar 0-0: Called Strike
0-1: Ball
1-1: Ball
2-1: Called Strike
2-2: Foul Ball, location: 2F
2-2: Foul Ball, location: 2F
2-2: Strikes out swinging
Batting: RHB Vern Ewing 0-0: Called Strike
0-1: Fly out, F8 (Flyball, 8LD)
Top of the 4th over - 0 run(s), 0 hit(s), 0 error(s), 0 left on base; Milton 1 - Calgary 2
BOTTOM OF THE 4TH
Calgary Lynx batting - Pitching for Milton Dogfish Head : LHP Santiago Mesa
Batting: LHB Emílio Barbán 0-0: Called Strike
0-1: Ball
1-1: Called Strike
1-2: Ball
2-2: Ball
3-2: Foul Ball, location: 2F
3-2: Foul Ball, location: 2F
3-2: Base on Balls
Batting: RHB Elvis Larson 0-0: Ball
1-0: Ball
2-0: Ball
3-0: Called Strike
3-1: Foul Ball, location: 2F
3-2: Fielders Choice at 2nd, 4-6 (Groundball, 4MD)
Pitching: RHP Manny Pérez
Batting: LHB Miguel Zúñiga 0-0: Called Strike
0-1: Grounds into double play, 4-6-3 (Groundball, 4)
Bottom of the 4th over - 0 run(s), 0 hit(s), 0 error(s), 0 left on base; Milton 1 - Calgary 2
TOP OF THE 5TH
Milton Dogfish Head batting - Pitching for Calgary Lynx : LHP Felipe Machado
Batting: RHB José Correa 0-0: Foul Ball, location: 2F
0-1: Swinging Strike
0-2: Ball
1-2: Ball
2-2: Ball
3-2: Base on Balls
Batting: LHB Víctor Robledo 0-0: Sac Bunt - play at first, batter safe!
José Correa to second
Batting: RHB Marcos Calderón 0-0: Called Strike
0-1: TRIPLE (Flyball, 9LM)
José Correa scores
Víctor Robledo scores
Batting: RHB David Sánchez 0-0: Fly out, F5 (Popup, 56S)
Batting: RHB Baldomero Avino 0-0: Ball
1-0: Foul Ball, location: 2F
1-1: Ball
2-1: Ball
3-1: Ground out 6-3 (Groundball, 6)
Batting: LHB Floyd Long 0-0: Foul Ball, location: 2F
0-1: Ball
1-1: Ground out 2-3 (Groundball, 15S)
Top of the 5th over - 2 run(s), 2 hit(s), 0 error(s), 1 left on base; Milton 3 - Calgary 2
BOTTOM OF THE 5TH
Calgary Lynx batting - Pitching for Milton Dogfish Head : RHP Manny Pérez
Batting: LHB Dave Hebert 0-0: Ball
1-0: Foul Ball, location: 2F
1-1: Ball
2-1: Ball
3-1: Base on Balls
Batting: RHB Darren Tomlinson 0-0: Bunted foul
0-1: Sac Bunt - play at first, batter OUT! 1-4
Dave Hebert to second
Batting: SHB Eric O'Neill 0-0: Ball
1-0: Called Strike
1-1: Foul Ball, location: 2F
1-2: Ball
2-2: Fly out, F7 (Line Drive, 78M)
Batting: LHB Thomas Campbell 0-0: Ball
1-0: Foul Ball, location: 2F
1-1: Called Strike
1-2: Ball
2-2: Foul Ball, location: 2F
2-2: Fly out, F9 (Flyball, 9)
Bottom of the 5th over - 0 run(s), 0 hit(s), 0 error(s), 1 left on base; Milton 3 - Calgary 2
TOP OF THE 6TH
Milton Dogfish Head batting - Pitching for Calgary Lynx : LHP Felipe Machado
Batting: RHB Fernando Silva 0-0: Fly out, F7 (Flyball, 7S)
Batting: RHB Luis Alomar 0-0: Ball
1-0: Called Strike
1-1: Ball
2-1: Ball
3-1: Swinging Strike
3-2: Fly out, F8 (Flyball, 8LM)
Batting: RHB Vern Ewing 0-0: Foul Ball, location: 2F
0-1: SINGLE (Line Drive, 7S)
Batting: RHB José Correa 0-0: Called Strike
0-1: Ball
1-1: Called Strike
1-2: Foul Ball, location: 2F
1-2: Strikes out swinging
Top of the 6th over - 0 run(s), 1 hit(s), 0 error(s), 1 left on base; Milton 3 - Calgary 2
BOTTOM OF THE 6TH
Calgary Lynx batting - Pitching for Milton Dogfish Head : RHP Manny Pérez
Batting: RHB Álex Estrada 0-0: Fly out, F6 (Line Drive, 6)
Batting: RHB José Carlos Ramos 0-0: Ball
1-0: Ball
2-0: Reached on error, E9 (Flyball, 9S)
Batting: LHB Emílio Barbán 0-0: Ball
1-0: Foul Ball, location: 2F
1-1: Called Strike
1-2: Foul Ball, location: 2F
1-2: Ball
2-2: SINGLE (Line Drive, 56D)
José Carlos Ramos to second
Batting: RHB Elvis Larson 0-0: Foul Ball, location: 2F
0-1: Ball
1-1: Fly out, F8 (Line Drive, 8RM)
Pitching: RHP Luis De La Hoya
Batting: LHB Miguel Zúñiga 0-0: Fielders Choice at 2nd, 6-4 (Groundball, 6)
Bottom of the 6th over - 0 run(s), 1 hit(s), 1 error(s), 1 left on base; Milton 3 - Calgary 2
TOP OF THE 7TH
Milton Dogfish Head batting - Pitching for Calgary Lynx : LHP Felipe Machado
Batting: LHB Víctor Robledo 0-0: Ball
1-0: Ball
2-0: Called Strike
2-1: SOLO HOME RUN (Flyball, 89XD), Distance : 403 ft
Batting: RHB Marcos Calderón 0-0: Foul Ball, location: 2F
0-1: Ground out 6-3 (Groundball, 6)
Batting: RHB David Sánchez 0-0: Ground out 5-3 (Groundball, 56)
Batting: RHB Baldomero Avino 0-0: Ball
1-0: Ball
2-0: SINGLE (Line Drive, 56D)
Batting: LHB Floyd Long 0-0: Called Strike
0-1: Ball
1-1: Ball
2-1: Ball
3-1: Called Strike
3-2: SINGLE (Line Drive, 8LS)
Baldomero Avino to second
Baldomero Avino to third
Pitching: RHP Pedro Ritodíaz
Batting: RHB Fernando Silva 0-0: Ball
1-0: Ball
2-0: Called Strike
2-1: Foul Ball, location: 2F
2-2: Ball
3-2: Ground out 6-3 (Groundball, 6)
Top of the 7th over - 1 run(s), 3 hit(s), 0 error(s), 2 left on base; Milton 4 - Calgary 2
BOTTOM OF THE 7TH
Calgary Lynx batting - Pitching for Milton Dogfish Head : RHP Luis De La Hoya
Batting: LHB Dave Hebert 0-0: Ball
1-0: Called Strike
1-1: Called Strike
1-2: Strikes out swinging
Batting: RHB Darren Tomlinson 0-0: Ball
1-0: Ground out 6-3 (Groundball, 6)
Batting: SHB Eric O'Neill 0-0: Called Strike
0-1: Ball
1-1: Called Strike
1-2: Ball
2-2: Strikes out swinging
Bottom of the 7th over - 0 run(s), 0 hit(s), 0 error(s), 0 left on base; Milton 4 - Calgary 2
TOP OF THE 8TH
Milton Dogfish Head batting - Pitching for Calgary Lynx : RHP Pedro Ritodíaz
Batting: RHB Luis Alomar 0-0: Ball
1-0: Ground out 5-3 (Groundball, 2L)
Batting: RHB Vern Ewing 0-0: Fly out, F9 (Flyball, 9S)
Batting: RHB José Correa 0-0: Ball
1-0: Called Strike
1-1: Called Strike
1-2: Foul Ball, location: 2F
1-2: Foul Ball, location: 2F
1-2: Ball
2-2: Ball
3-2: SINGLE (Line Drive, 56)
Batting: LHB Víctor Robledo 0-0: Ball
José Correa steals 2nd base
1-0: Foul Ball, location: 2F
1-1: Hit by Pitch
Pinch Hitting: LHB Jim Unknown 0-0: Called Strike
0-1: Ball
1-1: Fly out, F6 (Popup, 6D)
Top of the 8th over - 0 run(s), 1 hit(s), 0 error(s), 2 left on base; Milton 4 - Calgary 2
BOTTOM OF THE 8TH
Calgary Lynx batting - Pitching for Milton Dogfish Head : RHP Luis De La Hoya
Now in RF: Jim Unknown
Batting: LHB Thomas Campbell 0-0: Called Strike
0-1: SINGLE (Line Drive, 4D)
Batting: RHB Álex Estrada 0-0: Ball
1-0: Fly out, F8 (Flyball, 89D)
Batting: RHB José Carlos Ramos 0-0: Ball
1-0: Ball
2-0: Called Strike
2-1: Ball
3-1: Base on Balls
Thomas Campbell to second
Batting: LHB Emílio Barbán 0-0: Fly out, F7 (Flyball, 7S)
Pinch Hitting: RHB Hieu De 0-0: Swinging Strike
0-1: Ball
Wild Pitch!
Thomas Campbell to third
José Carlos Ramos to second
1-1: Foul Ball, location: 2F
1-2: Strikes out swinging
Bottom of the 8th over - 0 run(s), 1 hit(s), 0 error(s), 2 left on base; Milton 4 - Calgary 2
TOP OF THE 9TH
Milton Dogfish Head batting - Pitching for Calgary Lynx : RHP Pedro Ritodíaz
Now at 2B: Hieu De
Batting: RHB David Sánchez 0-0: SINGLE (Groundball, 56D)
Batting: RHB Baldomero Avino 0-0: Bunted foul
0-1: Sac Bunt - play at first, batter OUT! 1-4
David Sánchez to second
Batting: LHB Floyd Long 0-0: Called Strike
0-1: Ball
1-1: Ball
2-1: Fly out, F8 (Flyball, 8LXD)
Runner from 2nd tags up, SAFE at 3rd, no throw
Batting: RHB Fernando Silva 0-0: Called Strike
0-1: SINGLE (Line Drive, 7LS)
David Sánchez scores
Batting: RHB Luis Alomar 0-0: Ball
1-0: Ball
2-0: Ball
3-0: Called Strike
3-1: Called Strike
3-2: 2-RUN HOME RUN (Flyball, 7D), Distance : 387 ft
Pitching: LHP Curtis Fields
Batting: RHB Vern Ewing 0-0: Ball
1-0: Ball
2-0: Foul Ball, location: 2F
2-1: Ball
3-1: Foul Ball, location: 2F
3-2: Base on Balls
Batting: RHB José Correa 0-0: SINGLE (Groundball, 56D)
Vern Ewing to second
Batting: LHB Víctor Robledo 0-0: Called Strike
0-1: Ball
1-1: Swinging Strike
1-2: Foul Ball, location: 2F
1-2: Foul Ball, location: 2F
1-2: SINGLE (Flyball, 89S)
Vern Ewing to third
José Correa to second
Runner from 3rd tries for Home, SAFE, no throw
Batting: LHB Jim Unknown 0-0: Ball
1-0: Ball
2-0: Ground out 6-3 (Groundball, 6MD)
Top of the 9th over - 4 run(s), 5 hit(s), 0 error(s), 2 left on base; Milton 8 - Calgary 2
BOTTOM OF THE 9TH
Calgary Lynx batting - Pitching for Milton Dogfish Head : RHP Luis De La Hoya
Batting: LHB Miguel Zúñiga 0-0: Ball
1-0: Ball
2-0: Ball
3-0: Called Strike
3-1: Foul Ball, location: 2F
3-2: SINGLE (Groundball, 6MD)
Batting: LHB Dave Hebert 0-0: Ball
Wild Pitch!
Miguel Zúñiga to second
1-0: Swinging Strike
1-1: SINGLE (Line Drive, 7LS)
Miguel Zúñiga to third
Batting: RHB Darren Tomlinson 0-0: Called Strike
0-1: Ball
1-1: Ground out 4-3 (Groundball, 4S)
Miguel Zúñiga scores
Dave Hebert to second
Pitching: LHP Jim Unknown
Batting: SHB Eric O'Neill 0-0: Fly out, F7 (Flyball, 7D)
Batting: LHB Thomas Campbell 0-0: Ball
1-0: Foul Ball, location: 2F
1-1: Foul Ball, location: 2F
1-2: Foul Ball, location: 2F
1-2: Ball
2-2: Foul Ball, location: 2F
2-2: SINGLE (Line Drive, 4MD)
Dave Hebert to third
Runner from 3rd tries for Home, SAFE, no throw
Batting: RHB Álex Estrada 0-0: Ball
1-0: Ball
2-0: Foul Ball, location: 2F
2-1: Fielders Choice at 2nd, 6-4 (Groundball, 6)
Bottom of the 9th over - 2 run(s), 3 hit(s), 0 error(s), 0 left on base; Milton 8 - Calgary 4
Friday, December 30th, 2016 - OOTP Baseball 17.12 Build 75